 Dungeon Crawl Stone Soup version 0.25.1-2-g60ff931df9 (webtiles) character file.

Game seed: 12053256808627563815

43 H0rd4k the Insei (level 3, 0/23 HPs)
             Began as an Octopode Transmuter on Sept 17, 2020.
             Slain by Natasha (2 damage)
             ... on level 2 of the Dungeon.
             The game lasted 00:00:54 (989 turns).

H0rd4k the Insei (Octopode Transmuter)               Turns: 989, Time: 00:00:54

Health: 0/23       AC:  1    Str: 10    XL:     3   Next: 58%
Magic:  6/6        EV: 13    Int: 15    God:
Gold:   78         SH:  0    Dex: 12    Spells: 5/6 levels left

rFire    . . .     SeeInvis +     - Unarmed
rCold    . . .     Gourm    .   (no shield)
rNeg     . . .     Faith    .   (helmet restricted)
rPois    .         Spirit   .   (no amulet)
rElec    .         Reflect  .   g - ring of see invisible
rCorr    .         Harm     .   (no ring)
MR       .....                  (no ring)
Stlth    +++.......             (no ring)
HPRegen  0.07/turn              (no ring)
MPRegen  0.10/turn              (no ring)
                                (no ring)
                                (no ring)

@: appendage (expiring), slowed, very slow
A: almost no armour, stealthy swim, amphibious, 8 rings, constrict 8, tentacle
spike 3, camouflage 1, gelatinous body 1
a: End Transformation


You were on level 2 of the Dungeon.
You were not hungry.
One of your tentacles had a temporary spike.
You visited 1 branch of the dungeon, and saw 2 of its levels.

You collected 78 gold pieces.

Inventory:

Missiles
 a - 12 arrows
Jewellery
 g - a ring of see invisible (left tentacle)
Scrolls
 b - 3 scrolls of identify {unknown}
 e - 2 scrolls of remove curse {unknown}
 i - a scroll of immolation {unknown}
Potions
 f - 2 potions of lignification {unknown}
 h - a potion of mutation {unknown}
 j - a potion of degeneration {unknown}
Comestibles
 c - 2 rations


   Skills:
 + Level 1.0 Fighting
 + Level 2.2 Dodging
 + Level 1.1 Stealth
 + Level 3.6 Unarmed Combat
 * Level 2.2 Spellcasting
 * Level 2.6 Transmutations


You had 5 spell levels left.
You knew the following spells:

 Your Spells              Type           Power        Failure   Level  Hunger
a - Beastly Appendage     Tmut           #.....       8%          1    #......

Your spell library contained the following spells:

 Spells                   Type           Power        Failure   Level  Hunger
 Sticks to Snakes         Tmut           #.......     11%         2    ###....
 Spider Form              Tmut/Pois      #.........   36%         3    ###....
 Ice Form                 Ice/Tmut       #.......     77%         4    #####..
 Blade Hands              Tmut           #.........   90%         5    ######.


Dungeon Overview and Level Annotations

Branches:
Dungeon (2/15)

Altars:

Annotations:
D:1 exclusion: downstairs
D:2 Natasha


Innate Abilities, Weirdness & Mutations

You cannot wear most types of armour.
You are very stealthy in the water. (Stealth+)
You are amphibious.
You can wear up to eight rings at the same time.
You can use your tentacles to constrict eight enemies at once.
Your skin changes colour to match your surroundings (Stealth+).
Your rubbery body absorbs attacks. (AC +1, EV +1)
One of your tentacles bears a large vicious spike.


Message History

You tentacle-slap Natasha but do no damage.
Your grab misses Natasha.
You pierce Natasha, but do no damage.
You squeeze Natasha, but do no damage.
Natasha is moderately wounded.
Natasha claws you. Natasha misses you.
You closely miss Natasha. You grab Natasha.
You pierce Natasha.
You squeeze Natasha, but do no damage.
Natasha is moderately wounded.
You constrict Natasha, but do no damage.
Natasha closely misses you.
You tentacle-slap Natasha.
Natasha is heavily wounded.
You constrict Natasha, but do no damage.
Natasha misses you. Natasha claws you!
* * * LOW HITPOINT WARNING * * *
You tentacle-slap Natasha.
Natasha is heavily wounded.
Your transformation is almost over.
You constrict Natasha. Natasha claws you.
You die...

#.........# #.........#
#.........# #.........#
#...<.....# #.........#
####### #########..#####
#.....# ...........#
##†....#
#####.@##.######......#
#h###.##.........)#
#........####.....# ###
###.....#........####
./.##.............>###
.....................#
......##................#
......##................#
........#.................#


You could see Natasha.

Vanquished Creatures
  2 adders (D:2)
  A dart slug (D:2)
  6 bats
  A giant cockroach (D:1)
  2 goblins
  A hobgoblin (D:1)
  3 jackals (D:1)
  A frilled lizard (D:2)
  2 kobolds
  4 rats (D:1)
23 creatures vanquished.

Notes
Turn   | Place    | Note
-------+----------+-------------------------------------------
     0 | D:1      | H0rd4k the Octopode Transmuter began the quest for the Orb.
     0 | D:1      | Reached XP level 1. HP: 13/13 MP: 3/3
   235 | D:1      | Reached XP level 2. HP: 18/18 MP: 5/5
   560 | D:2      | Reached XP level 3. HP: 23/23 MP: 4/6
   672 | D:2      | Reached skill level 1 in Stealth
   680 | D:2      | Noticed Natasha
   989 | D:2      | Slain by Natasha

Illustrated notes

Levels and vault maps discovered:
D:1:      nicolae_arrival_washed_ashore, layout_rooms
D:2:      layout_rooms, uniq_natasha

Skill      XL: |  1  2  3 |
---------------+----------+-----
Stealth        | 1 |  1.1
Fighting       | |  1.0
Dodging        | |  2.2
Unarmed Combat | |  3.6
Spellcasting   | |  2.2
Transmutations | |  2.6

Action                   || total
-------------------------++-------
Melee: Unarmed           ||    59
       Tentacles         ||    12
       Constrict         ||    15
       Kick              ||     6
       Punch             ||     1
 Cast: Beastly Appendage ||     3
 Stab: Sleeping          ||     3
Armor: Skin              ||     3
Dodge: Dodged            ||    43
